 Dungeon Crawl Stone Soup version 0.29.1-12-g30fa7ad0bf (webtiles) character file.

Game seed: 5503267513689909135

1458 cdecastro the Slicer (level 9, 0/47 (48) HPs)
             Began as a Kobold Brigand on Jan 14, 2023.
             Was a Follower of Uskayaw.
             Slain by a wight
             ... wielding a +0 vorpal halberd
              (4 damage)
             ... on level 6 of the Dungeon.
             The game lasted 00:13:16 (7206 turns).

cdecastro the Slicer (Kobold Brigand)               Turns: 7206, Time: 00:13:17

HP:   0/47 (48)     AC:  9    Str: 13    XL:     9   Next: 5%
MP:   10/10         EV: 14    Int: 12    God:    Uskayaw [*.....]
Gold: 337           SH:  0    Dex: 16    Spells: 8/8 levels left

rFire   . . .      SeeInvis .   a - +2 dagger
rCold   . . .      Faith    .   (no shield)
rNeg    . . .      Spirit   .   b - +0 robe
rPois   .          Reflect  .   q - +0 helmet
rElec   .          Harm     .   c - +0 cloak
rCorr   .          Rampage  .   (no gloves)
Will    .....                   E - +0 pair of boots
Stlth   ++++++....              w - amulet of magic regeneration
HPRegen 0.15/turn               A - +4 ring of protection
MPRegen 0.52/turn               (no ring)

@: lightly drained
A: small, no large weapons, nightstalker 3
a: Renounce Religion, Stomp


You were on level 6 of the Dungeon.
You worshipped Uskayaw.
Uskayaw was noncommittal.
You visited 2 branches of the dungeon, and saw 7 of its levels.

You collected 337 gold pieces.

Inventory:

Hand Weapons
 a - a +2 dagger (weapon)
 j - a +0 short sword of venom
Missiles
 d - 13 poisoned darts (quivered)
 e - 3 curare-tipped darts
 i - 2 throwing nets
Armour
 b - a +0 robe (worn)
 c - a +0 cloak (worn)
 f - a +0 pair of gloves
 p - a +0 leather armour
 q - a +0 helmet (worn)
 E - a +0 pair of boots (worn)
Magical Staves
 k - a staff of earth
 F - a staff of poison
Jewellery
 h - a ring of protection from cold
 w - an amulet of magic regeneration (around neck)
 A - a +4 ring of protection (left hand)
Scrolls
 l - a scroll of fear {unknown}
 m - 2 scrolls of amnesia {unknown}
 n - a scroll of enchant weapon {unknown}
 r - 3 scrolls of noise {unknown}
 s - a scroll of brand weapon {unknown}
 t - 3 scrolls of teleportation {unknown}
 u - a scroll of enchant armour {unknown}
 v - a scroll of vulnerability {unknown}
 x - 2 scrolls of blinking {unknown}
 y - 2 scrolls of summoning {unknown}
 z - a scroll of poison {unknown}
 C - 4 scrolls of magic mapping {unknown}
Potions
 g - 3 potions of mutation
 o - a potion of heal wounds
 B - a potion of might
 D - a potion of resistance {unknown}


   Skills:
 - Level 2.1 Fighting
 - Level 11.0 Short Blades
 - Level 2.1 Throwing
 - Level 1.2 Dodging
 + Level 10.5 Stealth
 * Level 1.8 Invocations


You had 8 spell levels left.
You didn't know any spells.
Your spell library contained the following spells:

 Spells                   Type           Power      Damage    Failure   Level
 Necrotise                Necr           0%         1d4       32%         1
 Sandblast                Erth           0%         2d4       32%         1
 Passwall                 Tmut/Erth      0%         N/A       45%         2
 Stone Arrow              Conj/Erth      0%         3d7       69%         3
 Vampiric Draining        Necr           0%         2d6       69%         3
 Anguish                  Hex/Necr       0%         N/A       97%         4
 Agony                    Necr           0%         N/A       100%        5
 Enfeeble                 Hex            0%         N/A       100%        7


Dungeon Overview and Level Annotations

Branches:
Dungeon (6/15)             Temple (1/1) D:4

Altars:
Ashenzari
Cheibriados
Dithmenos
Elyvilon
Hepliaklqana
Kikubaaqudgha
Okawaru
Qazlal
Ru
Sif Muna
Trog
Uskayaw
Vehumet
Yredelemnul
Zin
The Shining One

Annotations:
D:5 vault need dig, Pikel


Innate Abilities, Weirdness & Mutations

You are small and have problems with some larger weapons.
You are completely attuned to the shadows.


Message History

a +0 battleaxe; a +0 robe You can no longer pass through a line of other dancers.
Things that are here:
a +0 long sword; a +0 robe The wight hits you with a +0 vorpal halberd!
You hit the wight but do no damage. You closely miss the wight.
The wight closely misses you.
You barely miss the wight. You closely miss the wight.
The wight hits you with a +0 vorpal halberd.
You hit the wight but do no damage. You hit the wight but do no damage.
The wight completely misses you.
You hit the wight but do no damage. You hit the wight but do no damage.
The wight hits you with a +0 vorpal halberd.
You feel drained.
* * * LOW HITPOINT WARNING * * *
You hit the wight but do no damage. You hit the wight but do no damage.
The wight hits you with a +0 vorpal halberd.
* * * LOW HITPOINT WARNING * * *
x2 You barely miss the wight.
You closely miss the wight. The wight closely misses you.
You hit the wight.
The wight is moderately damaged.
You closely miss the wight.
The wight is moderately damaged.
The wight barely misses you.
You barely miss the wight.
The wight is moderately damaged.
You barely miss the wight.
The wight is moderately damaged.
The wight hits you with a +0 vorpal halberd!
* * * LOW HITPOINT WARNING * * *
x2 You barely miss the wight.
The wight is moderately damaged.
You hit the wight but do no damage.
The wight is moderately damaged.
The wight hits you with a +0 vorpal halberd.
You die...

#.# #.##.....# 5 #.#
#........# ..##.# ####.....#
....o##### #.....# ......h...#
#.....# #.#..######.# ##..###
#.#..######.######..###
#..>........##........#
#.)....@z.).......#.#
##.######........##.# #...#
#.[......##.# ###.#
#........##.# #. #.# #.#
#.<......##.# #.# #.# #)#
#.......###.# #.# #.# #.#
#..(....# #.#
#.#####.####.####....)..###.#
##.................##....))..#


You could see a wight.

Vanquished Creatures
  A water moccasin (D:5)
  3 black bears (D:5)
  An ogre (D:6)
  A lemure (D:5)
  A phantom (D:4)
  2 scorpions
  A necrophage (D:4)
  2 wights (D:6)
  4 hounds
  2 gnoll boudas (D:6)
  An iguana (D:2)
  3 orc wizards
  Terence (D:2)
  15 gnolls
  9 adders
  A shadow imp (D:6)
  3 ufetubi
  2 worms
  3 dart slugs
  7 orcs
  8 ball pythons
  9 endoplasms
  3 giant cockroaches
  4 goblins
  6 hobgoblins
  6 kobolds
  6 quokkas
  5 bats
  3 frilled lizards
  3 rats
116 creatures vanquished.

Notes
Turn   | Place    | Note
-------+----------+-------------------------------------------
     0 | D:1      | cdecastro the Kobold Brigand began the quest for the Orb.
     0 | D:1      | Reached XP level 1. HP: 12/12 MP: 1/1
    18 | D:1      | Reached skill level 3 in Short Blades
   153 | D:1      | Reached XP level 2. HP: 17/17 MP: 2/2
   684 | D:1      | Reached XP level 3. HP: 19/21 MP: 3/3
   803 | D:1      | Reached skill level 4 in Short Blades
   818 | D:1      | Found a faded altar of an unknown god.
  1703 | D:2      | Reached XP level 4. HP: 21/26 MP: 4/4
  1912 | D:2      | Reached skill level 5 in Short Blades
  2035 | D:2      | Noticed Terence
  2065 | D:2      | Killed Terence
  2066 | D:2      | Reached XP level 5. HP: 25/30 MP: 5/5
  2480 | D:3      | Reached skill level 6 in Short Blades
  3147 | D:4      | Reached XP level 6. HP: 35/35 MP: 6/6
  3668 | D:4      | Reached skill level 7 in Short Blades
  3851 | D:4      | Reached XP level 7. HP: 35/40 MP: 7/7
  3928 | D:4      | Found a hide-covered altar of Uskayaw.
  3935 | D:4      | Found an iron altar of Okawaru.
  3952 | D:4      | Became a worshipper of Uskayaw the Reveller
  4033 | D:4      | Reached * piety under Uskayaw
  4138 | D:4      | Found a staircase to the Ecumenical Temple.
  4214 | D:4      | Reached ** piety under Uskayaw
  4222 | D:4      | Reached skill level 8 in Short Blades
  4366 | D:4      | Found an ancient bone altar of Kikubaaqudgha.
  4435 | Temple   | Entered the Ecumenical Temple
  4641 | D:5      | Entered Level 5 of the Dungeon
  4694 | D:5      | Reached *** piety under Uskayaw
  4737 | D:5      | Reached **** piety under Uskayaw
  4869 | D:5      | Found a glowing golden altar of the Shining One.
  5150 | D:5      | Reached skill level 9 in Short Blades
  5328 | D:5      | Reached XP level 8. HP: 37/44 MP: 8/8
  5396 | D:5      | Identified the +0 cloak of Ricaid {Drain rElec MP+9 Stlth+}
  5516 | D:5      | Noticed Pikel
  5951 | D:5      | Reached skill level 10 in Short Blades
  6624 | D:6      | Reached skill level 11 in Short Blades
  6918 | D:6      | Reached skill level 10 in Stealth
  6964 | D:6      | Reached skill level 1 in Invocations
  6964 | D:6      | Reached XP level 9. HP: 22/48 MP: 9/9
  7206 | D:6      | Slain by a wight

Illustrated notes

Levels and vault maps discovered:
D:1:      dpeg_arrival_round_c, layout_basic,
          shapermc_ecumenical_altar_mp_vishouse, minmay_split_cup_large
D:2:      layout_rooms, uniq_terence
D:3:      layout_rooms, serial_bayou_crossing
D:4:      layout_cave_pools, grunt_temple_overflow_open, kennysheep_mini,
          temple_pool_b
D:5:      layout_loops_ring, mainiacjoe_overflow_tiny_flanked, hex_medium,
          due_unseen_surprise, uniq_pikel
D:6:      layout_loops_ring, nicolae_gozag_seed_capital, xom_teletrap_fun,
          gammafunk_ghost_cemetery
Temple:   minmay_temple_bridge_abc

Skill      XL: |  1  2  3  4  5  6  7  8 |
---------------+-------------------------+-----
Short Blades   | 3 4 5 6 7 9 11 | 11.0
Stealth        | 6 7 8 10 | 10.5
Invocations    | 1 |  1.8
Fighting       | |  2.1
Throwing       | |  2.1
Dodging        | |  1.2

Action                   |  1- 3 |  4- 6 |  7- 9 || total
-------------------------+-------+-------+-------++-------
Melee: Dagger            |    73 |   219 |   380 ||   672
       Punch             |       |     2 |     3 ||     5
Throw: Dart              |       |     4 |       ||     4
Invok: Line Pass         |       |       |     5 ||     5
  Use: Scroll            |       |       |     5 ||     5
       Potion            |       |       |     1 ||     1
 Stab: Sleeping          |    21 |    12 |     6 ||    39
       Distracted        |     1 |       |     1 ||     2
       Paralysed         |       |       |     7 ||     7
       Confused          |       |       |     1 ||     1
Armor: Robe              |     7 |    43 |    82 ||   132
Dodge: Dodged            |    29 |   114 |   186 ||   329
